 Dungeon Crawl Stone Soup version 0.31-a0-182-gc5ef74b (webtiles) character file.

Game seed: 10006282451384451539

6748 Dawnplanks the Grappler (level 11, -9/105 HPs)
             Began as an Ogre Transmuter on June 20, 2023.
             Was an Initiate of Gozag.
             Shot with an arrow by a centaur (15 damage)
             ... on level 9 of the Dungeon.
             The game lasted 00:27:51 (10128 turns).

Dawnplanks the Grappler (Ogre Transmuter)          Turns: 10128, Time: 00:27:52

Health: -9/105     AC:  5    Str: 24    XL:     11   Next: 4%
Magic:  23/23      EV: 11    Int: 16    God:    Gozag
Gold:   963        SH:  0    Dex:  9    Spells: 11/27 levels left

rFire   . .          .
                       - Unarmed
rCold   . . .        (shield currently unavailable)
rNeg    . . .        a - +0 robe
rPois   .            o - +1 hat
rElec   .            k - +0 cloak
rCorr   .            (gloves unavailable)
SInv    .            (boots unavailable)
Will    +....        F - amulet of reflection
Stlth   +            t - ring of wizardry
HPRegen 0.37/turn    n - +6 ring of strength
MPRegen 0.18/turn

%: reflection, wizardry (x1)
@: confused, blade hands (expiring)
A: large, unfitting armour, tough skin 1
a: End Transformation, Renounce Religion, Potion Petition, Call Merchant, Bribe
Branch


You were on level 9 of the Dungeon.
You worshipped Gozag.
Gozag was pleased with you.
You had blades for hands.
You visited 2 branches of the dungeon, and saw 10 of its levels.
You also visited: Ossuary.

You collected 1305 gold pieces.
You spent 300 gold pieces at shops.
You paid 42 gold pieces to Gozag.

Inventory:

Missiles
 d - 88 stones (quivered)
 l - 4 datura-tipped darts
Armour
 a - a +0 robe (worn)
 k - a +0 cloak (worn)
 o - a +1 hat (worn)
Jewellery
 j - a ring of willpower
 n - a +6 ring of strength (right blade hand)
 t - a ring of wizardry (left blade hand)
 x - a ring of see invisible
 y - a ring of magical power
 A - a ring of willpower
 F - an amulet of reflection (around neck)
 H - a ring of resist corrosion
Wands
 f - a wand of flame (16)
 E - a wand of polymorph (5)
 J - a wand of roots (6)
Scrolls
 c - 4 scrolls of silence {unknown}
 g - a scroll of amnesia {unknown}
 h - 3 scrolls of enchant armour {unknown}
 p - 2 scrolls of poison {unknown}
 q - 4 scrolls of revelation {unknown}
 r - 6 scrolls of blinking
 s - 2 scrolls of noise {unknown}
 w - 4 scrolls of teleportation
 z - a scroll of butterflies {unknown}
 C - a scroll of enchant weapon {unknown}
 D - a scroll of fear {unknown}
 I - a scroll of immolation {unknown}
 L - a scroll of torment {unknown}
 M - a scroll of identify
Potions
 e - a potion of attraction
 i - a potion of resistance
 m - 3 potions of brilliance
 v - a potion of curing
 B - 4 potions of enlightenment
 G - a potion of lignification
 K - a potion of mutation {unknown}


   Skills:
 + Level 5.9 Fighting
 + Level 5.7 Dodging
 - Level 0.1 Stealth
 + Level 1.3 Shields
 + Level 9.5 Unarmed Combat
 + Level 8.9 Spellcasting
 + Level 7.0 Transmutations
 - Level 0.2 Poison Magic


You had 11 spell levels left.
You knew the following spells:

 Your Spells              Type           Power      Damage    Failure   Level
a - Beastly Appendage     Tmut           58%        N/A       4%          1
b - Wereblood             Tmut           29%        N/A       6%          2
c - Sting                 Tmut/Pois      72%        1d6       9%          1
d - Spider Form           Tmut/Pois      18%        N/A       16%         3
e - Ice Form              Ice/Tmut       18%        N/A       34%         4
f - Blade Hands           Tmut           14%        N/A       26%         5

Your spell library contained the following spells:

 Spells                   Type           Power      Damage    Failure   Level
 Apportation              Tloc           14%        N/A       21%         1
 Necrotise                Necr           28%        1d5       21%         1
 Shock                    Conj/Air       28%        1d4       21%         1
 Summon Small Mammal      Summ           28%        N/A       21%         1
 Poisonous Vapours        Pois/Air       14%        N/A       26%         2
 Call Canine Familiar     Summ           7%         N/A       38%         3
 Summon Guardian Golem    Hex/Summ       7%         N/A       38%         3
 Swiftness                Air            7%         N/A       38%         3
 Alistair's Intoxication  Tmut/Pois      12%        N/A       58%         5
 Olgreb's Toxic Radiance  Pois           7%         N/A       67%         4
 Airstrike                Air            3%         2d(1-17)  71%         4
 Animate Armour           Summ/Erth      14%        N/A       71%         4
 Summon Lightning Spire   Summ/Air       7%         N/A       71%         4


Dungeon Overview and Level Annotations

Branches:
Dungeon (9/15)             Temple (1/1) D:4         Ossuary (visited)
   Lair: D:8-11         Orc: D:9-12

Altars:
Ashenzari
Elyvilon
Fedhas
Gozag
Hepliaklqana
Kikubaaqudgha
Makhleb
Okawaru
Qazlal
Ru
Sif Muna
Trog
Uskayaw
Vehumet
Wu Jian
Yredelemnul
Zin
The Shining One

Shops:
D:8 [(==

Annotations:
D:4 3 runed translucent doors, hatwer's ghost, amateur DgTm
D:9 Erica


Innate Abilities, Weirdness & Mutations

You have blades for hands.
Your spellcasting is less reliable in this form.
You are incapable of wielding weapons or throwing items.
You are too large for most types of armour.
You have tough skin. (AC +1)


Message History

Erica is lightly wounded.
Erica barely misses you.
You slice Erica!!
Erica is heavily wounded.
Erica casts a spell at you. The lance of force hits you!!!
* * * LOW HITPOINT WARNING * * *
You are knocked back by the lance of force.
You feel much better. Erica casts a spell at you.
You are confused.
You are more confused.
You feel invigorated.
You're too confused to move!
You feel less invigorated.
You bump into the rock wall.
Your transformation is almost over.
Erica gestures at you while chanting. The bolt of poison misses you.
You're too confused to move!
Erica hits you with a +0 scimitar of flaming!
* * * LOW HITPOINT WARNING * * *
Erica burns you!
* * * LOW HITPOINT WARNING * * *
You hit Erica.
Erica is severely wounded.
The centaur unwields a +0 shortbow.
The centaur hits you but does no damage.
The centaur kicks you but does no damage.
You slash Erica!
Erica is almost dead.
The centaur hits you but does no damage.
The centaur kicks you but does no damage.
Erica hits you with a +0 scimitar of flaming!
* * * LOW HITPOINT WARNING * * *
Erica burns you.
* * * LOW HITPOINT WARNING * * *
The centaur wields a +0 shortbow.
The centaur shoots an arrow.
The arrow hits you!
You die...
Your body crumbles into a pile of gold.

##### ######## #####
......######......#
#....
......'....#......#
#....
......####.#......####
#.... .....
#...........####....
....
###@c....##....#....
..@ #......#####.'....
.. #@.....# #...#....
. #......# #........
####.### #..≈≈≈≈§. #.#
##.§§§.§§ ..# #.§.≈≈§§
# #§§§§.§§ #.≈.≈§§§
.§_≈. §≈§≈≈§.


You could see Erica and a centaur.

Vanquished Creatures
  A two-headed ogre (D:6)
  Amaemon (D:9)
  The ghost of Taxman66 the Magician, a novice DjFE (D:6)
  Joseph (D:8)
  An orange demon (D:9)
  A troll (D:9)
  Prince Ribbit (D:7)
  An acid dragon (D:9)
  A water moccasin (D:7)
  Duvessa (D:5)
  4 black bears
  4 orc warriors
  2 sky beasts
  A hornet zombie (Ossuary)
  An ice beast (D:8)
  2 ogres
  A centaur (D:7)
  A kobold brigand (D:6)
  4 bullfrogs
  A wyvern zombie (Ossuary)
  7 scorpions
  2 water moccasin zombies (Ossuary)
  Dowan (D:5)
  5 killer bees (D:9)
  5 bullfrog zombies (Ossuary)
  3 hounds
  A centaur zombie (Ossuary)
  2 jellies (D:6)
  4 orc priests
  An iguana (D:5)
  9 orc wizards
  6 killer bee zombies (Ossuary)
  15 mummies (Ossuary)
  3 howler monkey zombies (Ossuary)
  6 gnolls
  7 adders
  A shadow imp (D:7)
  2 white imps
  An ufetubus (D:4)
  2 worms (D:2)
  A dart slug (D:1)
  28 orcs
  4 bats
  9 endoplasms
  8 giant cockroaches
  10 goblins
  9 hobgoblins
  8 jackals
  A quokka (D:3)
  6 ball pythons
  3 frilled lizards
  7 kobolds
  4 rats
212 creatures vanquished.

Notes
Turn   | Place    | Note
-------+----------+-------------------------------------------
     0 | D:1      | Dawnplanks the Ogre Transmuter began the quest for the Orb.
     0 | D:1      | Reached XP level 1. HP: 19/19 MP: 3/3
   124 | D:1      | Reached XP level 2. HP: 27/27 MP: 3/5
   239 | D:1      | Reached skill level 3 in Unarmed Combat
   353 | D:1      | Learned a level 2 spell: Wereblood
   355 | D:1      | Learned a level 1 spell: Sting
   649 | D:1      | Reached XP level 3. HP: 33/33 MP: 5/7
  1348 | D:2      | Reached XP level 4. HP: 22/41 MP: 5/9
  2291 | D:3      | Reached XP level 5. HP: 29/49 MP: 8/10
  2585 | D:3      | Noticed an ogre
  2594 | D:3      | Killed an ogre
  2606 | D:3      | Reached XP level 6. HP: 45/57 MP: 7/12
  2657 | D:3      | Noticed a black bear
  2666 | D:3      | Killed a black bear
  2667 | D:3      | Reached skill level 4 in Unarmed Combat
  3302 | D:4      | Found a radiant altar of Vehumet.
  3330 | D:4      | Reached skill level 5 in Spellcasting
  3340 | D:4      | Found a runed translucent gate.
  3342 | D:4      | Found a runed translucent gate.
  3356 | D:4      | Found a runed translucent gate.
  3374 | D:4      | Found a staircase to the Ecumenical Temple.
  3385 | Temple   | Entered the Ecumenical Temple
  3439 | Temple   | Became a worshipper of Gozag Ym Sagoz the Greedy
  3562 | D:4      | Learned a level 3 spell: Spider Form
  3567 | D:4      | Learned a level 4 spell: Ice Form
  3584 | D:4      | Noticed a black bear
  3591 | D:4      | Reached XP level 7. HP: 51/66 MP: 8/14
  4085 | D:4      | Noticed hatwer's ghost (amateur DgTm)
  4145 | D:5      | Entered Level 5 of the Dungeon
  4145 | D:5      | Found a sand-covered staircase.
  4169 | Ossuary  | Entered an ossuary
  4218 | Ossuary  | Reached XP level 8. HP: 40/75 MP: 12/16
  4238 | Ossuary  | Reached skill level 5 in Unarmed Combat
  4899 | Ossuary  | Reached skill level 6 in Unarmed Combat
  5003 | Ossuary  | Reached skill level 5 in Transmutations
  5274 | D:5      | Reached XP level 9. HP: 78/84 MP: 17/19
  5644 | D:5      | Noticed Duvessa
  5644 | D:5      | Noticed Dowan
  5653 | D:5      | Killed Duvessa
  5656 | D:5      | Killed Dowan
  5897 | D:5      | Found a hide-covered altar of Uskayaw.
  6621 | D:6      | Reached skill level 7 in Unarmed Combat
  6682 | D:6      | Noticed a two-headed ogre
  6694 | D:6      | Killed a two-headed ogre
  6891 | D:6      | Found a runed translucent door.
  6895 | D:6      | Noticed Taxman66's ghost (novice DjFE)
  6963 | D:6      | Killed Taxman66's ghost
  6964 | D:6      | Reached skill level 5 in Fighting
  6964 | D:6      | Reached skill level 5 in Dodging
  6964 | D:6      | Reached skill level 8 in Unarmed Combat
  6964 | D:6      | Reached XP level 10. HP: 96/96 MP: 18/21
  7537 | D:7      | Noticed Prince Ribbit
  7546 | D:7      | Killed Prince Ribbit
  8810 | D:8      | Found Ihetut's Antique Weapon Shoppe.
  8815 | D:8      | Found Sioj Heji's Antique Armour Shop.
  8962 | D:8      | Found Dugil's Jewellery Boutique.
  8971 | D:8      | Bought an amulet of reflection for 300 gold pieces
  9310 | D:8      | Found Qauwuu Pona's Jewellery Emporium.
  9322 | D:8      | Noticed Joseph
  9336 | D:8      | Killed Joseph
  9655 | D:9      | Noticed Amaemon
  9655 | D:9      | Noticed an orange demon
  9666 | D:9      | Killed an orange demon
  9667 | D:9      | Reached skill level 9 in Unarmed Combat
  9880 | D:9      | Learned a level 5 spell: Blade Hands
  9974 | D:9      | Found an ornate altar of the Wu Jian Council.
  9997 | D:9      | Killed Amaemon
  9998 | D:9      | Reached skill level 1 in Shields
  9998 | D:9      | Reached XP level 11. HP: 55/105 MP: 16/23
 10004 | D:9      | Found a glowing golden altar of the Shining One.
 10108 | D:9      | Noticed Erica
 10119 | D:9      | HP: 1/105 [Erica/lance of force (36)]
 10128 | D:9      | Shot with an arrow by a centaur

Illustrated notes

Levels and vault maps discovered:
D:1:      tarquinn_simple_flora_water_a, layout_loops_ring, minmay_tetromino_s4
D:2:      layout_basic
D:3:      layout_basic
D:4:      layout_basic, fiery_altar_vehumet,
          minmay_temple_entry_statues_fountains, gammafunk_ghost_icy
D:5:      layout_cave_pods, nicolae_uskayaw_suspiria,
          nicolae_ossuary_entry_ruins, uniq_duvessa
D:6:      layout_rooms, ebering_ghost_sewer_d
D:7:      layout_gridville, uniq_prince_ribbit1
D:8:      layout_basic, serial_shops, kennysheep_mini_moat, shop, shop, shop,
          uniq_joseph
D:9:      layout_roguey, mainiacjoe_overflow_catwalk_spiral, serial_curves,
          eino_curves_01, eino_curves_04, enter_bailey_2, uniq_erica,
          uniq_amaemon
Temple:   nicolae_temple_great_sept

Skill      XL: |  1  2  3  4  5  6  7  8  9 10 11 |
---------------+----------------------------------+-----
Dodging        | 2 3 5 |  5.7
Unarmed Combat | 3 4 6 8 9 |  9.5
Transmutations | 2 3 4 5 6 7 |  7.0
Spellcasting   | 3 4 5 6 7 8 |  8.9
Fighting       | 2 3 4 5 |  5.9
Shields        | 1 |  1.3
Stealth        | |  0.1
Poison Magic   | |  0.2

Action                     |  1- 3 |  4- 6 |  7- 9 | 10-12 || total
---------------------------+-------+-------+-------+-------++-------
  Melee: Unarmed           |    90 |   131 |   271 |   189 ||   681
         Kick              |    14 |    25 |    63 |    22 ||   124
         Headbutt          |     8 |    20 |    44 |    10 ||    82
         Punch             |     3 |     2 |    10 |     6 ||    21
  Throw: Stone             |       |     3 |       |       ||     3
   Cast: Beastly Appendage |    22 |    25 |    25 |    14 ||    86
         Sting             |     7 |     7 |     7 |       ||    21
         Wereblood         |     2 |     7 |    12 |    15 ||    36
         Spider Form       |       |     1 |     9 |    11 ||    21
         Ice Form          |       |       |     1 |       ||     1
         Blade Hands       |       |       |       |     3 ||     3
    Use: Scroll            |       |       |     7 |     3 ||    10
         Potion            |       |       |     1 |     4 ||     5
   Stab: Distracted        |       |       |       |     1 ||     1
 Armour: Robe              |    29 |    39 |    40 |    21 ||   129
         Skin              |       |       |    16 |     2 ||    18
  Dodge: Dodged            |    44 |    49 |   124 |   104 ||   321
  Block: Other             |       |       |       |    26 ||    26
         Reflection        |       |       |       |     2 ||     2

Table legend: (Time is in decaauts)
 A = Elapsed time spent in this place.
 B = Non-inter-level travel time spent in this place.
 C = Inter-level travel time spent in this place.
 D = Time resting spent in this place.
 E = Time spent auto-exploring this place.
 F = Levels seen in this place.
 G = Mean time per level.
                   A        B        C        D        E       F      G
               +--------+--------+--------+--------+--------+-----+--------+
         Total |  10058 |   9613 |    445 |    194 |   7737 |  11 |  914.4 |
       Dungeon |   9016 |   8586 |    430 |    159 |   7083 |   9 | 1001.8 |
        Temple |     94 |     79 |     15 |      0 |     64 |   1 |   94.0 |
       Ossuary |    948 |    948 |      0 |     35 |    590 |   1 |  948.0 |
               +--------+--------+--------+--------+--------+-----+--------+

Top non-repeatable levels by time:
     D:7: 1314 daAuts
     D:5: 1156 daAuts
     D:2: 1122 daAuts
     D:8: 1086 daAuts
     D:1: 988 daAuts
     D:4: 969 daAuts
     D:3: 952 daAuts
 Ossuary: 948 daAuts
     D:6: 891 daAuts
     D:9: 533 daAuts
  Temple: 94 daAuts
